AoeStats
← So sad

Nomad

508037405Analyzed
3v3 RM · 10d ago on Sep 20, 2026· 84m 10s· 6 players
Game mode
Random Map
Map size
210×210
Population
200
Speed
Normal
Resources
Standard
Victory
Conquest
Starting age
Dark Age
Ending age
Imperial Age
RankedLock teamsTeams togetherTeam positionsShared explorationLock speedFull tech treeHidden civsTurbo modeCheats
Victory
Defeat
🇺🇦 Slavs · Ukraine
1401
+12
🇧🇾 Celts · Belarus
1389
+12
🇧🇾 Lithuanians · Belarus
1381
+12
🇧🇪 Spanish · Belgium
1323
-13
🇺🇸 Vikings · United States
1307
-12
🇨🇦 Wu · Canada
1276
-11
Whitebear
5:28 Loom
13:20 Feudal Age
15:13 Town Watch
17:32 Castle Age
15:26 Gold Mining
15:24 Double-Bit Axe
17:09 Fletching
18:01 Fishing Lines
18:16 Stone Mining
18:40 Bodkin Arrow
19:38 Bow Saw
20:44 Medium Warships
21:04 Gillnets
20:35 Demolition Ship
25:02 Wheelbarrow
24:11 Horse Collar
25:37 Padded Archer Armor
26:18 Squires
29:29 Imperial Age
28:33 Hand Cart
30:28 Scale Mail Armor
30:39 Forging
31:10 Gold Shaft Mining
31:12 Stone Shaft Mining
31:12 Arson
32:26 Conscription
32:06 Pikeman
33:23 Chain Mail Armor
34:16 Iron Casting
35:57 Plate Mail Armor
36:14 Bracer
38:29 Blast Furnace
38:05 Leather Archer Armor
39:37 Treadmill Crane
40:42 Scale Barding Armor
41:14 Ballistics
41:55 Chemistry
42:39 Chain Barding Armor
43:59 Sitting Tiger
44:15 Masonry
46:00 Halberdier
48:51 Heavy Plow
50:45 Two-Man Saw
58:23 Man-at-Arms
62:37 Long Swordsman
63:49 Two-Handed Swordsman
74:30 Town Patrol
78:10 Architecture
Rett Mikhal
4:08 Loom
15:14 Feudal Age
15:40 Double-Bit Axe
18:20 Town Watch
18:34 Fletching
19:24 Horse Collar
24:32 Castle Age
23:36 Gold Mining
23:37 Stone Mining
24:18 Padded Archer Armor
24:19 Scale Mail Armor
24:36 Crossbowman
27:02 Bodkin Arrow
37:30 Gold Shaft Mining
36:58 Fishing Lines
39:13 Bow Saw
39:08 Heavy Plow
42:07 Forging
42:35 Squires
43:23 Iron Casting
45:46 Chieftains
46:38 Gillnets
47:35 Chain Mail Armor
51:59 Imperial Age
50:05 Town Patrol
54:30 Two-Man Saw
54:58 Crop Rotation
54:59 Conscription
56:14 Elite Berserk
56:39 Pikeman
60:58 Blast Furnace
60:29 Plate Mail Armor
64:14 Elite Skirmisher
65:15 Leather Archer Armor
65:01 Bracer
67:09 Chemistry
66:15 Siege Engineers
65:59 Arson
67:08 Ring Archer Armor
72:33 Gambesons
73:34 Arbalester
74:21 Bogsveigar
75:00 Scale Barding Armor
Chiki_Chiki_BANGBANG
6:12 Loom
14:07 Feudal Age
14:58 Double-Bit Axe
20:08 Castle Age
20:59 Medium Warships
21:01 Fishing Lines
23:13 Wheelbarrow
23:45 Town Watch
32:21 Hand Cart
37:29 Imperial Age
35:33 Horse Collar
37:31 Bloodlines
37:50 Cavalier
46:17 Paladin
63:48 Husbandry
63:08 Light Cavalry
64:24 Scale Barding Armor
64:29 Hussar
66:08 Heavy Plow
68:08 Scale Mail Armor
68:28 Chain Barding Armor
NiL
6:56 Loom
12:51 Feudal Age
14:03 Fishing Lines
15:45 Wheelbarrow
14:56 Town Watch
15:02 Double-Bit Axe
16:09 Gold Mining
20:02 Forging
21:58 Castle Age
22:04 Horse Collar
23:00 Gillnets
23:21 Medium Warships
23:36 Fletching
24:12 Bodkin Arrow
25:38 Bow Saw
27:46 Hand Cart
33:50 Imperial Age
31:35 Heavy Plow
32:03 Stone Mining
32:34 Scale Barding Armor
33:05 Iron Casting
34:40 Chain Barding Armor
34:22 Padded Archer Armor
34:48 Ballistics
34:40 Masonry
35:11 Conscription
34:55 Detinets
36:21 Hoardings
37:08 Chemistry
36:22 Bloodlines
36:13 Husbandry
37:03 Elite Boyar
39:30 Siege Engineers
39:20 Murder Holes
41:26 Plate Barding Armor
40:50 Elite Skirmisher
43:17 Blast Furnace
42:34 Leather Archer Armor
47:03 Scale Mail Armor
47:34 Ring Archer Armor
47:47 Squires
47:08 Man-at-Arms
48:17 Long Swordsman
49:37 Druzhina
50:55 Light Cavalry
53:58 Two-Handed Swordsman
55:08 Sappers
55:44 Champion
57:39 Chain Mail Armor
61:27 Plate Mail Armor
66:36 Pikeman
68:17 Halberdier
70:34 Capped Ram
71:27 Siege Ram
So sad
7:08 Loom
14:52 Feudal Age
15:27 Town Watch
15:33 Double-Bit Axe
19:26 Castle Age
21:15 Horse Collar
30:36 Fletching
34:58 Elite Skirmisher
41:56 Light Cavalry
48:38 Forging
48:46 Scale Barding Armor
51:43 Bloodlines
51:34 Husbandry
53:12 Fishing Lines
53:50 Husbandry
56:39 Bow Saw
56:35 Gillnets
57:43 Padded Archer Armor
61:30 Wheelbarrow
62:59 Hand Cart
64:12 Heavy Plow
65:09 Thumb Ring
72:22 Gold Mining
72:22 Stone Mining
80:47 Imperial Age
79:38 Stone Shaft Mining
81:01 Town Patrol
82:09 Cavalier
85:31 Two-Man Saw
HURMA
4:21 Loom
14:28 Feudal Age
15:23 Fishing Lines
18:53 Castle Age
17:31 Fletching
17:36 Town Watch
17:58 Scale Mail Armor
18:50 Stone Mining
19:12 Double-Bit Axe
20:59 Wheelbarrow
23:51 Chain Mail Armor
24:21 Horse Collar
27:18 Padded Archer Armor
28:08 Stronghold
29:26 Bodkin Arrow
29:44 Forging
32:14 Arson
34:50 Gillnets
35:47 Ballistics
38:19 Imperial Age
38:05 Bow Saw
39:33 Stone Shaft Mining
38:44 Elite Skirmisher
39:28 Padded Archer Armor
40:34 Chemistry
39:59 Conscription
41:43 Conscription
42:05 Masonry
43:15 Hand Cart
43:00 Town Patrol
43:25 Pikeman
45:11 Leather Archer Armor
45:32 Iron Casting
45:28 Plate Mail Armor
46:44 Ring Archer Armor
46:57 Halberdier
51:31 Blast Furnace
51:57 Caravan
52:21 Scale Barding Armor
53:41 Heavy Plow
54:07 Chain Barding Armor
55:21 Gold Mining
56:15 Clinker Construction
60:05 Gold Shaft Mining
60:41 Hoardings
63:57 Furor Celtica
63:08 Elite Woad Raider
64:14 Guilds
64:34 Coinage
67:20 Siege Engineers
66:58 Treadmill Crane
68:04 Sappers
68:30 Murder Holes
68:46 Fortified Wall
68:57 Carvel Hull
68:37 Murder Holes
69:04 Shipwright
68:54 Careening
69:32 Man-at-Arms
69:59 Gambesons
71:00 Long Swordsman
72:18 Banking
71:59 Two-Handed Swordsman
75:50 Dry Dock
75:45 Fortified Wall
76:32 Heated Shot
76:33 Guard Tower
76:29 Arrowslits
76:13 Champion
Connection lost

Rejoining the realm…

Still unreachable

The connection could not be restored.

Session expired

The server has moved on; the page needs a fresh start.